[Event "Live Chess"]
[Site "Chess.com"]
[Date "2017.12.27"]
[White "Arugamama"]
[Black "frankgrunwald"]
[Result "1-0"]
[ECO "C41"]
[WhiteElo "1597"]
[BlackElo "1486"]
[TimeControl "1800"]
[EndTime "19:36:14 PST"]
[Termination "Arugamama won by resignation"]
[CurrentPosition "1k1r3r/p1p3pp/BpQ2p2/4p1b1/1P2P3/1K3P2/P1P3PP/7n b - - 1 22"]

1.e4 e5 2.Nf3 d6 3.d4 Bg4 4.dxe5 Bxf3 5.Qxf3 dxe5 6.Bc4 Nf6 7.Qb3 Qe7 8.Nc3 b6 9.Bg5 Nbd7 10.Nd5 O-O-O 11.Nxe7+ Bxe7 12.O-O-O Nc5 13.Qh3+ Kb8 14.Bxf6 Bxf6 15.f3 Bg5+ 16.Kb1 f6 17.b4 Na4 18.Ba6 Nc3+ 19.Kb2 Nxd1+ 20.Kb3 Nf2 21.Qe6 Nxh1 22.Qc6 1-0

[Event "Live Chess"]
[Site "Chess.com"]
[Date "2017.12.27"]
[Round "?"]
[White "Arugamama"]
[Black "frankgrunwald"]
[Result "1-0"]
[BlackElo "1486"]
[ECO "C41"]
[Opening "Philidor"]
[Variation "3.d4"]
[WhiteElo "1597"]
[TimeControl "1800"]
[Termination "normal"]
[PlyCount "43"]
[WhiteType "human"]
[BlackType "human"]

1. e4 e5 2. Nf3 d6 3. d4 Bg4 4. dxe5 Bxf3 5. Qxf3 dxe5 6. Bc4 Nf6 7. Qb3 Qe7 8. Nc3 b6 9. Bg5 Nbd7 10. Nd5 O-O-O 11. Nxe7+ Bxe7 12.
O-O-O (12. Ba6+ Kb8 13. Qxf7 Bd6 14. f3 Rhf8 15. Qc4 Nc5
16. Bb5 c6 17. Bxc6 Rc8 18. Bb5 Ncxe4 19. Qe6 Bb4+ 20. c3 Nxg5 21. Qxe5+
Kb7 22. Qxg5 Bc5 23. b4 Be7 24. Qe5 Bd8 25. O-O-O Bc7 26. Qe7+-) 12. .. Nc5 13. Qh3+ (13. Qb5 a6 14. Qc6 Kb8 15. b4
Ne6 16. Bxa6+-) 13. .. Kb8 14. Bxf6 Bxf6 15. f3 (15. Bd5 Bg5+ 16. Kb1 a5 17. Qa3
Na6 18. c3 Rd6 19. b4 Rhd8 20. bxa5 b5 21. c4 c6 22. cxb5 cxd5 23. bxa6 Ka8
24. Rxd5 Rb8+ 25. Kc2 Rc6+ 26. Kd3 f5 27. exf5 Rc7 28. Qd6 Re7 29. Rxe5
Rxe5 30. Qxe5+-) 15. .. Bg5+ 16. Kb1 f6 17. b4 Na4 18. Ba6 (18. f4 Bxf4 19. Bb5 Rd4 20. Rxd4 exd4 21. Bxa4 a6 22. Qd7
Be5 23. Qxg7 Rd8 24. Qxh7 d3 25. cxd3 Rxd3 26. Qg8+ Kb7 27. Bc6+ Kxc6 28.
Qc4++-) 18. .. Nc3+ 19. Kb2 Nxd1+ 20. Kb3 Nf2 21. Qe6 Nxh1 22. Qc6 1-0